 Dungeon Crawl Stone Soup version 0.23.2-1-ga50397a (webtiles) character file.

Game seed: 12693523536464085837

21 Borgoz the Slasher (level 2, 0/18 HPs)
             Began as a Gargoyle Gladiator on May 15, 2019.
             Slain by an iguana (11 damage)
             ... on level 2 of the Dungeon.
             The game lasted 00:01:20 (987 turns).

Borgoz the Slasher (Gargoyle Gladiator)              Turns: 987, Time: 00:01:21

Health: 0/18       AC:  6    Str: 17    XL:     2   Next: 83%
Magic:  2/2        EV: 12    Int:  8    God:
Gold:   110        SH:  0    Dex: 11    Spells: 1/1 levels left

rFire    . . .     SeeInvis .   a - +0 long sword
rCold    . . .     Gourm    .   (no shield)
rNeg     + . .     Faith    .   b - +0 leather armour
rPois    ∞         Spirit   .   c - +0 helmet
rElec    +         Reflect  .   (no cloak)
rCorr    .         Harm     .   (no gloves)
MR       .....                  (no boots)
Stlth    +.........             (no amulet)
HPRegen  0.06/turn              (no ring)
MPRegen  0.08/turn              (no ring)

@: no status effects
A: negative energy resistance 1, electricity resistance, unbreathing,
petrification resistance, rot immunity, AC +2
a: no special abilities


You were on level 2 of the Dungeon.
You were not hungry.

You visited 1 branch of the dungeon, and saw 2 of its levels.

You collected 110 gold pieces.

Inventory:

Hand Weapons
 a - a +0 long sword (weapon)
Missiles
 d - 3 throwing nets (quivered)
Armour
 b - a +0 leather armour (worn)
 c - a +0 helmet (worn)
Scrolls
 e - 2 scrolls of teleportation {unknown}
 i - a scroll of magic mapping {unknown}
 j - a scroll of remove curse {unknown}
 k - a scroll of identify {unknown}
 m - a scroll of noise {unknown}
Potions
 g - 3 potions of might {unknown}
 l - a potion of ambrosia {unknown}
 n - a potion of haste {unknown}
 o - a potion of degeneration {unknown}
Comestibles
 f - a ration
 h - 2 chunks of flesh


   Skills:
 + Level 2.5 Fighting
 * Level 3.0 Long Blades
 - Level 1.7 Throwing
 + Level 0.7 Armour
 * Level 2.7 Dodging


You had one spell level left.
You didn't know any spells.
Your spell library was empty.

Dungeon Overview and Level Annotations

Branches:
Dungeon (2/15)

Altars:

Annotations:
D:2 Natasha


Innate Abilities, Weirdness & Mutations

You are resistant to torment.
Your stone body is resilient. (AC +2)
You are immune to poison.
You resist negative energy. (rN+)
You are resistant to electric shocks. (rElec)
You can survive without breathing.
You are immune to petrification.
You are immune to rotting.


Message History

The iguana completely misses you.
You riposte.
You closely miss the iguana.
The iguana is lightly wounded.
The iguana completely misses you.
You hit the iguana but do no damage.
The iguana is lightly wounded.
The iguana misses you.
You closely miss the iguana. The iguana bites you.
You slash the iguana!
The iguana is heavily wounded.
The iguana bites you.
The iguana hisses menacingly.
The iguana barely misses you.
You closely miss the iguana.
The iguana is heavily wounded.
The iguana bites you but does no damage.
You slash the iguana!
The iguana is almost dead.
The iguana bites you!
Ouch! That really hurt!
You die...

## .. .# ######## #.##
.......######## ...##.#
.#####.#......####......#
.##......####.##@..)...#
.##.##.###....÷.l#####.#
.##.##.# #.##.#..#
...<...# # #.$.....
###.#### ###....... #.#
...##.#.. ..# ..#.. ....
### #.#..# #.# #.#..# ..


You could see an iguana.

Vanquished Creatures
  A leopard gecko (D:1)
  A giant cockroach (D:2)
  4 hobgoblins (D:1)
  A bat (D:1)
  3 frilled lizards
  7 kobolds (D:1)
  3 rats (D:1)
20 creatures vanquished.

Notes
Turn   | Place    | Note
-------+----------+-------------------------------------------
     0 | D:1      | Borgoz the Gargoyle Gladiator began the quest for the Orb.
     0 | D:1      | Reached XP level 1. HP: 12/12 MP: 1/1
   236 | D:1      | Reached XP level 2. HP: 17/17 MP: 2/2
   343 | D:1      | Reached skill level 3 in Long Blades
   832 | D:2      | Noticed Natasha
   837 | D:2      | Noticed a crimson imp
   987 | D:2      | Slain by an iguana

Skill      XL: |  1  2 |
---------------+-------+-----
Long Blades    | 3 |  3.0
Fighting       | |  2.5
Throwing       | |  1.7
Armour         | |  0.7
Dodging        | |  2.7

Action                   || total
-------------------------++-------
Melee: Long sword        ||    52
Armor: Leather armour    ||    19
Dodge: Dodged            ||    43
       Rpst.: Long sword ||    11
